 Dungeon Crawl Stone Soup version 0.32-a0-961-gd60f5e5fc7 (webtiles) character file.

Game seed: 9969786454162493832

15 araganzar the Ruffian (level 2, -1/21 HPs)
             Began as a Demonspawn Shapeshifter on Apr 18, 2024.
             Slain by a gnoll
             ... wielding a +0 club
              (4 damage)
             ... on level 1 of the Dungeon.
             The game lasted 00:01:21 (866 turns).

araganzar the Ruffian (Demonspawn Shapeshifter)      Turns: 866, Time: 00:01:21

Health: -1/21      AC:  8    Str: 14    XL:     2   Next: 34%
Magic:  11/11      EV: 11    Int: 10    God:
Gold:   92         SH:  0    Dex: 12    Spells: 1/1 levels left

rFire   . .          .
                       - Unarmed
rCold   . . .        (no shield)
rNeg    . . .        a - +0 animal skin
rPois   .            (helmet currently unavailable)
rElec   .            (cloak currently unavailable)
rCorr   .            (gloves currently unavailable)
SInv    .            (boots currently unavailable)
Will    .....        (no amulet)
Stlth   +            g - ring of magical power {MP+9}
HPRegen 0.23/turn    (no ring)
MPRegen 0.12/turn

%: no passive effects
@: beast-form, sanguine armoured
A: beast (slay +1), sanguine armour 1
a: Begin Untransformation


You were on level 1 of the Dungeon.
You were a hulking beast.
You visited 1 branch of the dungeon, and saw 2 of its levels.

You collected 92 gold pieces.


Innate Abilities, Weirdness & Mutations

You are a hulking beast.
Your limbs bulge with bestial killing power. (Slay +1)
When seriously injured, your blood forms armour. (AC +6)


   Skills:
 + Level 1.4 Fighting
 + Level 2.0 Dodging
 + Level 2.9 Unarmed Combat
 + Level 2.8 Shapeshifting


You had one spell level left.
You didn't know any spells.
Your spell library was empty.

Inventory:

Armour
 a - a +0 animal skin (worn)
Jewellery
 g - a ring of magical power (left hand) {MP+9}
   (You found it on level 1 of the Dungeon)
Talismans
 c - a beast talisman (active)
 d - a flux talisman
Scrolls
 e - 2 scrolls of identify {unknown}
Potions
 b - a potion of lignification {!q}
 f - 2 potions of brilliance {unknown}

##♣.......♣## #...♣.
#...........## #.....
##.♣.......♣..# #.....
#..#.......##.# ###...).
#.#♣.......♣#(# ###.......
#..#.......##.## #...#.....
##.♣#♣.♣.♣.♣...######.###.....
#..##................# ###...
##........).h..####### ##..#.
####.......g.## #..###
#.........# ##.## #
#.........# ##..# #.........#
#..## #.........# #.######
#......)..########.).....
#..................#####.
#############.######...#'


You could see a gnoll.


Message History

The gnoll hits you from afar with a +0 halberd of protection.
* * * LOW HITPOINT WARNING * * *
The gnoll attacks as it pursues you! The gnoll hits you but does no damage.
The gnoll attacks as it pursues you! The gnoll closely misses you.
You take 5 damage, and have 5/21 hp.
MASSIVE DAMAGE!!
The gnoll attacks as it pursues you!
The gnoll hits you from afar with a +0 spear.
* * * LOW HITPOINT WARNING * * *
There is a stone staircase leading up here.
You take 1 damage, and have 5/21 hp.
Unknown command.
There are no items here.
The gnoll barely misses you. x2; The gnoll hits you but does no damage.
You climb upwards.
There is a stone staircase leading down here.
Your library has no spells.
Unknown command.
You hit the gnoll but do no damage. The gnoll hits you with a +0 club.
* * * LOW HITPOINT WARNING * * *
You take 1 damage, and have 5/21 hp.
Unknown command.
You hit the gnoll. The gnoll hits you with a +0 club.
* * * LOW HITPOINT WARNING * * *
You take 2 damage, and have 3/21 hp.
Unknown command.
You closely miss the gnoll. The gnoll hits you but does no damage.
Unknown command.
You hit the gnoll but do no damage. The gnoll hits you with a +0 club.
You die...

Action                     || total
---------------------------++-------
  Melee: Unarmed           ||    45
   Stab: Sleeping          ||     1
 Armour: Animal skin       ||    30
  Dodge: Dodged            ||    18

Levels and vault maps discovered:
D:1:      noname_arrival_rooms_in_the_neighbourhood, layout_rooms,
          serial_forest, infiniplex_forest_straight_2,
          infiniplex_forest_clump_cross, infiniplex_forest_corner_1,
          infiniplex_forest_end_3, infiniplex_forest_lined_room_2,
          infiniplex_forest_corner_1, infiniplex_forest_lined_room_3,
          minivault_27
D:2:      layout_basic, basic_ecumenical_altar, serial_park_tiny_1,
          uniq_crazy_yiuf_cottage

Notes
Turn   | Place    | Note
-------+----------+-------------------------------------------
     0 | D:1      | araganzar the Demonspawn Shapeshifter began the quest for
                  | the Orb.
     0 | D:1      | Reached XP level 1. HP: 15/15 MP: 1/1
   247 | D:1      | Reached skill level 2 in Dodging
   247 | D:1      | Gained mutation: When seriously injured, your blood forms
                  | armour. (AC +6) [demonic ancestry]
   247 | D:1      | Reached XP level 2. HP: 19/21 MP: 2/2
   848 | D:2      | Found a faded altar of an unknown god.
   866 | D:1      | Slain by a gnoll

Vanquished Creatures
  A dart slug (D:1)
  3 goblins (D:1)
  2 hobgoblins (D:1)
  A quokka (D:1)
  A frilled lizard (D:1)
  4 kobolds (D:1)
  A rat (D:1)
13 creatures vanquished.
